cohdb
Replays
Latest Replays
All Replays
Popular Replays
Top Player Replays
Match Explorer
How It Works
Community
CoH3 Stats
Reddit
Sign in to upload your games and track your stats! →
Sign in with Steam
Match 43424492
Unlisted
Match 43424492
Overview
Messages
Build Orders
End
Kradschützen Motorcycle Team
Panzergrenadier Squad
Panzergrenadier Squad
Construct Light Support Kompanie
MG34 Team
Fire Support Elements
Assault Grenadier Squad
Flakvierling Half-track
2.5-tonne Medical Truck
Assault Mechanized Group
Pak 38 Anti-tank Gun Team
Construct Panzerarmee Kommand
Selects Panzerjäger Kommand Battlegroup
Selects Panzerjäger Kommand Battlegroup
Selects Mine Fields
Selects Defensive Positions
Selects Butterfly Bomb Drop
Butterfly Bomb Drop
Walking Stuka Rocket Launcher
Vehicle Survival Package
Butterfly Bomb Drop
Armored Reserves
Butterfly Bomb Drop
Tiger Heavy Tank
Selects GrB 39 Grenade Launcher Requisition
Selects Crew Shock Tactics
Selects Elefant Tank Destroyer
Brother
Jeep
0
0
Comments
sign in to comment!
No comments posted yet!